 Dungeon Crawl Stone Soup version 0.31.0-32-g396128a36d (webtiles) character file.

Game seed: 392238159439659082

2 Villent the Grave Robber (level 1, 0/13 HPs)
             Began as a Human Necromancer on Mar 15, 2024.
             Slain by a quokka (2 damage)
             ... on level 1 of the Dungeon.
             The game lasted 00:03:39 (89 turns).

Villent the Grave Robber (Human Necromancer)          Turns: 89, Time: 00:03:40

Health: 0/13       AC:  2    Str:  8    XL:     1   Next: 30%
Magic:  3/3        EV: 12    Int: 15    God:
Gold:   16         SH:  0    Dex: 13    Spells: 3/4 levels left

rFire   . . .        c - +0 short sword
rCold   . . .        (no shield)
rNeg    . . .        a - +0 robe
rPois   .            (no helmet)
rElec   .            (no cloak)
rCorr   .            (no gloves)
SInv    .            (no boots)
Will    .....        (no amulet)
Stlth   ++           (no ring)
HPRegen 0.22/turn    (no ring)
MPRegen 0.08/turn

%: no passive effects
@: brilliant
A: explore regen
a: no special abilities


You were on level 1 of the Dungeon.
You visited 1 branch of the dungeon, and saw 1 of its levels.

You collected 16 gold pieces.

Inventory:

Hand Weapons
 c - a +0 short sword (weapon)
Armour
 a - a +0 robe (worn)
Potions
 b - a potion of magic
 d - a potion of brilliance


   Skills:
 + Level 2.0 Dodging
 + Level 2.0 Stealth
 + Level 2.0 Spellcasting
 + Level 4.0 Necromancy


You had 3 spell levels left.
You knew the following spells:

 Your Spells              Type           Power      Damage    Failure   Level
a - Necrotise             Necr           80%        1d8       4%          1

Your spell library contained the following spells:

 Spells                   Type           Power      Damage    Failure   Level
 Vampiric Draining        Necr           20%        2d7       13%         3
 Animate Dead             Necr           20%        N/A       38%         4
 Curse of Agony           Necr           20%        N/A       75%         5


Dungeon Overview and Level Annotations

Branches:
Dungeon (1/15)

Altars:


Innate Abilities, Weirdness & Mutations

You regain HP and MP as you explore.


Message History

You kill the kobold!
Casting: Necrotise (safe; 4% risk of failure)
Confirm with . or Enter, or press ? or * to list all spells.
You don't know that spell.
Casting: Necrotise (safe; 4% risk of failure)
Confirm with . or Enter, or press ? or * to list all spells.
You can't see any susceptible monsters within range! (Use Z to cast anyway.)
Casting: Necrotise (safe; 4% risk of failure)
Confirm with . or Enter, or press ? or * to list all spells.
You can't see any susceptible monsters within range! (Use Z to cast anyway.)
Things that are here:
a +0 dagger; a stone HP restored.
A frilled lizard comes into view.
The frilled lizard moves out of view.
You open the door.
A quokka comes into view.
There is an open door here.
A hobgoblin comes into view.
Found a book of the Tundra.
The quokka bites you.
You closely miss the quokka. The quokka bites you.
You hit the quokka.
The quokka is lightly wounded.
The hobgoblin shouts!
The quokka barely misses you.
You closely miss the quokka.
The quokka is lightly wounded.
The quokka bites you.
You closely miss the quokka.
The quokka is lightly wounded.
The quokka bites you.
* * * LOW HITPOINT WARNING * * *
You barely miss the quokka.
The quokka is lightly wounded.
The quokka barely misses you. x2
You miss the quokka.
The quokka is lightly wounded.
The quokka bites you.
You die...

###.### #:....## .
+...... .# #^....# ..
#.....# #.## #.....#
#..# #.gr..# #.##
#.@...# ##..### #.l...#
##....# ####'####
'..##.##+####....####.#
#####.................#
## ##.....##.......###
^# ##....#............
#### #......)......####
.#X# #.>.###.#.......#


You could see a quokka, a hobgoblin and a frilled lizard.

Vanquished Creatures
  An endoplasm (D:1)
  A kobold (D:1)
2 creatures vanquished.

Notes
Turn   | Place    | Note
-------+----------+-------------------------------------------
     0 | D:1      | Villent the Human Necromancer began the quest for the Orb.
     0 | D:1      | Reached XP level 1. HP: 13/13 MP: 3/3
     0 | D:1      | Noticed a large abomination
     0 | D:1      | Noticed a large abomination
     1 | D:1      | Noticed a large abomination
     1 | D:1      | Noticed a large abomination
     3 | D:1      | Noticed a large abomination
     5 | D:1      | Noticed a large abomination
     6 | D:1      | Noticed a large abomination
     8 | D:1      | Noticed a large abomination
    11 | D:1      | Noticed a large abomination
    13 | D:1      | Noticed a large abomination
    13 | D:1      | Noticed a large abomination
    14 | D:1      | Noticed a large abomination
    32 | D:1      | Noticed a large abomination
    34 | D:1      | Noticed a large abomination
    34 | D:1      | Noticed a small abomination
    34 | D:1      | Noticed a small abomination
    36 | D:1      | Noticed a large abomination
    38 | D:1      | Noticed a large abomination
    89 | D:1      | Slain by a quokka

Illustrated notes

Levels and vault maps discovered:
D:1:      shiori_arrival_whats_in_store_for_you, layout_basic, serial_shops,
          nicolae_shop_waterfront

Action                     || total
---------------------------++-------
  Melee: Short sword       ||    13
    Use: Potion            ||     1
 Armour: Robe              ||     9
  Dodge: Dodged            ||     7
